 Dungeon Crawl Stone Soup version 0.29.0-13-gc9e81de378 (webtiles) character file.

Game seed: 3179433175004677023

42 Artool the Cudgeller (level 3, -5/28 HPs)
             Began as a Demonspawn Gladiator on Sept 8, 2022.
             Slain by a gnoll
             ... wielding a +0 halberd
              (10 damage)
             ... on level 2 of the Dungeon.
             The game lasted 00:01:36 (1439 turns).

Artool the Cudgeller (Demonspawn Gladiator)         Turns: 1439, Time: 00:01:36

Health: -5/28      AC:  5    Str: 14    XL:     3   Next: 35%
Magic:  3/3        EV: 12    Int: 14    God:
Gold:   72         SH:  0    Dex: 14    Spells: 2/2 levels left

rFire   + . .      SeeInvis .   k - +2 short sword of Virtue {vorpal, rF+ Str-2 Int+5}
rCold   . . .      Faith    .   (no shield)
rNeg    . . .      Spirit   .   b - +0 leather armour
rPois   .          Reflect  .   c - +0 helmet
rElec   .          Harm     .   l - +0 cloak
rCorr   .          Rampage  .   (no gloves)
Will    .....                   (no boots)
Stlth   +.........              (no amulet)
HPRegen 0.09/turn               (no ring)
MPRegen 0.08/turn               (no ring)

@: no status effects
A: foul stench 1
a: no special abilities


You were on level 2 of the Dungeon.
You visited 1 branch of the dungeon, and saw 2 of its levels.

You collected 72 gold pieces.

Inventory:

Hand Weapons
 a - a +0 flail
 k - the +2 short sword of Virtue (weapon) {vorpal, rF+ Str-2 Int+5}
   (You found it on level 2 of the Dungeon)

   It inflicts extra damage upon your enemies.
   Str:       It affects your strength (-2).
   Int:       It affects your intelligence (+5).
   rF:        It protects you from fire.
Missiles
 d - 3 throwing nets (quivered)
 e - a javelin
Armour
 b - a +0 leather armour (worn)
 c - a +0 helmet (worn)
 l - a +0 cloak (worn)
Scrolls
 f - 4 scrolls of identify {unknown}
 i - a scroll of enchant weapon {unknown}
 m - a scroll of teleportation {unknown}
 p - a scroll of fear {unknown}
Potions
 g - a potion of brilliance {unknown}
 h - 2 potions of might {unknown}
 j - 2 potions of curing {unknown}
 n - a potion of degeneration {unknown}
 o - 2 potions of lignification {unknown}


   Skills:
 + Level 2.5 Fighting
 + Level 3.1 Maces & Flails
 - Level 1.7 Throwing
 + Level 1.1 Armour
 + Level 3.0 Dodging


You had 2 spell levels left.
You didn't know any spells.
Your spell library was empty.

Dungeon Overview and Level Annotations

Branches:
Dungeon (2/15)

Altars:


Innate Abilities, Weirdness & Mutations

You may rarely emit foul miasma when damaged in melee.


Message History

The frilled lizard bites you.
You completely miss the frilled lizard. The frilled lizard bites you.
You miss the frilled lizard. The frilled lizard barely misses you.
You hit the frilled lizard.
You kill the frilled lizard!
No target in view!
No target in view!
You see here a frilled lizard corpse.
A bat comes into view.
You barely miss the bat. The bat closely misses you.
Found a whip.
No target in view!
The bat hits you but does no damage.
There is an open door here.
You hit the bat.
You kill the bat!
No target in view!
No target in view!
No target in view!
No target in view!
A gnoll comes into view. It is wielding a +0 halberd.
The gnoll shouts!
The gnoll hits you from afar with a +0 halberd!
The gnoll misses you.
A gnoll is nearby!
You barely miss the gnoll. The gnoll misses you.
You hit the gnoll.
The gnoll is lightly wounded.
The gnoll hits you with a +0 halberd!
* * * LOW HITPOINT WARNING * * *
You are too injured to fight recklessly!
You are too injured to fight recklessly!
You are too injured to fight recklessly!
You are too injured to fight recklessly!
You are too injured to fight recklessly!
You are too injured to fight recklessly!
You hit the gnoll.
The gnoll is severely wounded.
The gnoll hits you with a +0 halberd!
You die...

.##
.........# .#
.........# ##
######..#####
##.....#
#####'####
#.....^.#
#.♣♣.♣♣.# #
♣)♣.♣ #
..♣@♣..#
#.♣g♣.♣.#
#.♣♣ ♣♣.# # #


You could see a gnoll.

Vanquished Creatures
  An adder (D:2)
  A worm (D:2)
  A giant cockroach (D:2)
  5 goblins
  A hobgoblin (D:2)
  3 jackals (D:1)
  6 kobolds
  A quokka (D:2)
  2 ball pythons
  A bat (D:2)
  3 frilled lizards
  6 rats
31 creatures vanquished.

Notes
Turn   | Place    | Note
-------+----------+-------------------------------------------
     0 | D:1      | Artool the Demonspawn Gladiator began the quest for the
                  | Orb.
     0 | D:1      | Reached XP level 1. HP: 16/16 MP: 1/1
   186 | D:1      | Gained mutation: You may rarely emit foul miasma when
                  | damaged in melee. [demonic ancestry]
   186 | D:1      | Reached XP level 2. HP: 11/22 MP: 2/2
  1034 | D:2      | Identified the +2 short sword of Virtue {vorpal, rF+ Str-2
                  | Int+5}
  1161 | D:2      | Reached skill level 1 in Armour
  1205 | D:2      | Reached XP level 3. HP: 19/28 MP: 3/3
  1439 | D:2      | Slain by a gnoll

Illustrated notes

Levels and vault maps discovered:
D:1:      dpeg_arrival_round_c, layout_rooms, nicolae_kite_square_tiling_tiny
D:2:      layout_rooms, shapermc_ecumenical_altar_hornbeckon,
          chequers_serial_rivers_small_b, kennysheep_generic_room_9

Skill      XL: |  1  2 |
---------------+-------+-----
Maces & Flails | 3 |  3.1
Armour         | 1 |  1.1
Dodging        | 3 |  3.0
Fighting       | |  2.5
Throwing       | |  1.7

Action                   || total
-------------------------++-------
Melee: Flail             ||    77
       Short sword       ||    46
       Punch             ||     1
Armor: Leather armour    ||    47
Dodge: Dodged            ||    91
